 Dungeon Crawl Stone Soup version 0.29-a0-824-gd827844252 (webtiles) character file.

Game seed: 8621511044345349752

511 Armakuni the Twirler (level 7, -3/56 HPs)
             Began as a Human Gladiator on July 10, 2022.
             Slain by an iguana (11 damage)
             ... on level 4 of the Dungeon.
             The game lasted 00:09:23 (4885 turns).

Armakuni the Twirler (Human Gladiator)              Turns: 4885, Time: 00:09:23

Health: -3/56      AC: 13    Str: 14    XL:     7   Next: 43%
Magic:  7/7        EV: 10    Int: 11    God:
Gold:   224        SH:  0    Dex: 14    Spells: 6/6 levels left

rFire   + . .      SeeInvis .   a - +0 quarterstaff
rCold   . . .      Faith    .   (shield currently unavailable)
rNeg    . . .      Spirit   .   s - +0 scale mail
rPois   .          Reflect  .   k - +2 hat
rElec   .          Harm     .   l - +0 cloak
rCorr   .          Rampage  .   (no gloves)
Will    .....                   (no boots)
Stlth   ..........              (no amulet)
HPRegen 0.18/turn               F - ring of protection from fire
MPRegen 0.10/turn               (no ring)

@: no status effects
A: iridescent scales 2
a: no special abilities


You were on level 4 of the Dungeon.
You visited 1 branch of the dungeon, and saw 5 of its levels.

You collected 224 gold pieces.

Inventory:

Hand Weapons
 a - a +0 quarterstaff (weapon)
 b - a +1 sling of freezing
Missiles
 g - a javelin (quivered)
 o - 3 boomerangs
Armour
 k - a +2 hat (worn)
 l - a +0 cloak (worn)
 r - a +0 plate armour
 s - a +0 scale mail (worn)
Jewellery
 h - a +4 ring of evasion
 F - a ring of protection from fire (left hand)
Scrolls
 c - a scroll of teleportation
 d - a scroll of fear {unknown}
 j - 2 scrolls of immolation
 n - a scroll of poison
 X - 2 scrolls of enchant weapon
Potions
 f - a potion of attraction
 m - 2 potions of flight
 q - a potion of degeneration


   Skills:
 - Level 5.0 Fighting
 + Level 6.0 Staves
 - Level 2.0 Throwing
 + Level 2.0 Armour
 - Level 3.0 Dodging


You had 6 spell levels left.
You didn't know any spells.
Your spell library contained the following spells:

 Spells                   Type           Power      Damage    Failure   Level
 Anguish                  Hex/Necr       0%         N/A       100%        4
 Summon Ice Beast         Ice/Summ       0%         N/A       100%        4
 Summon Mana Viper        Hex/Summ       0%         N/A       100%        5
 Enfeeble                 Hex            0%         N/A       100%        7
 Monstrous Menagerie      Summ           0%         N/A       100%        7


Dungeon Overview and Level Annotations

Branches:
Dungeon (5/15)
 Temple: D:4-7

Altars:
Ashenzari
Hepliaklqana
Okawaru
Ru
Xom

Annotations:
D:5 Dowan, Duvessa


Innate Abilities, Weirdness & Mutations

You are mostly covered in iridescent scales. (AC +4)


Message History

Dowan says, "Magic and the sword, together, will defeat you."
A gnoll comes into view. It is wielding a +0 whip.
Duvessa hits you with a +0 rapier. Duvessa attacks as you move away!
Duvessa hits you with a +0 rapier.
Dowan gestures wildly while chanting.
Dowan blinks!
The iguana hisses angrily.
You see here a curare-tipped dart.
p - a curare-tipped dart Duvessa attacks as you move away!
Duvessa barely misses you. Dowan casts a spell at you.
The puff of frost hits you.
An iguana comes into view.
The iguana hisses angrily.
There is a stone staircase leading up here.
Duvessa hits you with a +0 rapier.
* * * LOW HITPOINT WARNING * * *
The iguana bites you.
* * * LOW HITPOINT WARNING * * *
You climb upwards.
There is a stone staircase leading down here.
Throw: throwing net
Press: ? - help, Q - select action, (/) - cycle Shift-Dir - straight line, f - iguana
Aim: an iguana (65% to hit)
You throw a throwing net.
The throwing net closely misses the iguana.
The iguana barely misses you.
Throw: dart (curare)
Press: ? - help, Q - select action, (/) - cycle Shift-Dir - straight line, f/p - iguana
Aim: an iguana (65% to hit)
You throw a curare-tipped dart.
The curare-tipped dart closely misses the iguana.
The iguana bites you but does no damage.
Unknown command.
Okay, then.
It was a potion of mutation.
You feel extremely strange.
Iridescent scales grow over part of your body.
Iridescent scales spread over more of your body.
The iguana bites you!
You die...

.................# #.#..##
.......#####<.##(# #.##...
.......#....†..#.# ###.##..#
.......#.##..#.#.########.#.##..#
######.#...[.#............#<....#
### #.#.....#......#####.#..#.##
..## #..................#.#..#...
...# ###........l...###...#..#...
...# #.........@....##..##..#...
...# #.........####.##..##..##..
...# #.........# #.##...#.....#
...# #.###.....# #.###..#.##..#
...####.# ####### #.# #..#......
........# #.###.........
'######## #..........#.# .....#
#..........#.. .....#
###########.............


You could see an iguana.

Vanquished Creatures
  3 crimson imps (D:3)
  A hound (D:5)
  3 iguanas
  An orc wizard (D:4)
  12 gnolls
  8 adders
  A white imp (D:5)
  4 worms
  A dart slug (D:4)
  10 ball pythons
  9 endoplasms
  5 goblins
  4 hobgoblins
  5 jackals
  5 quokkas
  4 bats (D:1)
  7 frilled lizards
  3 kobolds
  3 rats
89 creatures vanquished.

Vanquished Creatures (others)
  A plant (D:3)
1 creature vanquished.

Grand Total: 90 creatures vanquished

Notes
Turn   | Place    | Note
-------+----------+-------------------------------------------
     0 | D:1      | Armakuni the Human Gladiator began the quest for the Orb.
     0 | D:1      | Reached XP level 1. HP: 16/16 MP: 1/1
   220 | D:1      | Reached XP level 2. HP: 20/22 MP: 2/2
   775 | D:2      | Reached XP level 3. HP: 26/28 MP: 3/3
   842 | D:2      | Found a faded altar of an unknown god.
   935 | D:2      | Reached XP level 4. HP: 20/35 MP: 4/4
  1245 | D:2      | Reached skill level 4 in Staves
  2030 | D:3      | Reached XP level 5. HP: 41/41 MP: 5/5
  2381 | D:3      | Found a shimmering altar of Xom.
  2896 | D:3      | Reached XP level 6. HP: 48/48 MP: 6/6
  2954 | D:3      | Reached skill level 5 in Staves
  3264 | D:4      | Found a broken altar of Ashenzari.
  3619 | D:4      | Found a sacrificial altar of Ru.
  4108 | D:5      | Entered Level 5 of the Dungeon
  4125 | D:5      | Found a hazy altar of Hepliaklqana.
  4125 | D:5      | Found an iron altar of Okawaru.
  4176 | D:5      | Reached skill level 5 in Fighting
  4189 | D:5      | Reached XP level 7. HP: 40/56 MP: 7/7
  4280 | D:5      | Noticed Duvessa
  4283 | D:5      | Noticed Dowan
  4330 | D:5      | Reached skill level 1 in Armour
  4804 | D:5      | Reached skill level 6 in Staves
  4885 | D:4      | Gained mutation: You are partially covered in iridescent
                  | scales. (AC +2) [potion of mutation]
  4885 | D:4      | Gained mutation: You are mostly covered in iridescent
                  | scales. (AC +4) [potion of mutation]
  4885 | D:4      | Slain by an iguana

Illustrated notes

Levels and vault maps discovered:
D:1:      dpeg_arrival_another_circle, layout_basic
D:2:      cheibrodos_helix_gallery, layout_basic,
          shapermc_ecumenical_altar_acropolis, nicolae_wormholes
D:3:      layout_loops_ring, led_xom_imps, saegor_snake_ambush
D:4:      layout_basic, evilmike_ruin_ashenzari,
          nicolae_ru_great_annihilating_truth
D:5:      minmay_thinvault, layout_cave_pools, nicolae_overflow_squiral,
          gammafunk_temple_overflow_arena, gammafunk_temple_overflow_statue,
          serial_gnoll_camp, gnoll_camp_medium_02, gnoll_camp_mini_shop,
          gnoll_camp_mini_house, gnoll_camp_mini_hut, uniq_duvessa, uniq_edmund

Skill      XL: |  1  2  3  4  5  6  7 |
---------------+----------------------+-----
Fighting       | 3 4 5 |  5.0
Staves         | 4 5 6 |  6.0
Armour         | 2 |  2.0
Throwing       | |  2.0
Dodging        | |  3.0

Action                   |  1- 3 |  4- 6 |  7- 9 || total
-------------------------+-------+-------+-------++-------
Melee: Quarterstaff      |     8 |   181 |    78 ||   267
 Fire: Sling             |    62 |    54 |       ||   116
Throw: Throwing net      |       |     3 |     3 ||     6
       Javelin           |       |     2 |     1 ||     3
       Boomerang         |       |       |     5 ||     5
       Dart              |       |       |     4 ||     4
  Use: Scroll            |       |     6 |     4 ||    10
       Potion            |       |     5 |     2 ||     7
 Stab: Paralysed         |       |     1 |       ||     1
       Held in net/web   |       |       |     2 ||     2
Armor: Leather armour    |     2 |       |       ||     2
       Ring mail         |     4 |    63 |       ||    67
       Scale mail        |       |     9 |    33 ||    42
Dodge: Dodged            |    27 |   101 |    41 ||   169

Table legend: (Time is in decaauts)
 A = Elapsed time spent in this place.
 B = Non-inter-level travel time spent in this place.
 C = Inter-level travel time spent in this place.
 D = Time resting spent in this place.
 E = Time spent auto-exploring this place.
 F = Levels seen in this place.
 G = Mean time per level.
                   A        B        C        D        E       F      G
               +--------+--------+--------+--------+--------+-----+--------+
         Total |   4967 |   4862 |    105 |    962 |   2744 |   5 |  993.4 |
       Dungeon |   4967 |   4862 |    105 |    962 |   2744 |   5 |  993.4 |
               +--------+--------+--------+--------+--------+-----+--------+

Top non-repeatable levels by time:
     D:2: 1276 daAuts
     D:3: 1268 daAuts
     D:4: 1170 daAuts
     D:1: 785 daAuts
     D:5: 465 daAuts
